 Dungeon Crawl Stone Soup version 0.22.1-1-ga44c0e5 (webtiles) character file.

133 harcile the Shield-Bearer (level 5, 0/46 HPs)
             Began as a Hill Orc Fighter on Oct 8, 2018.
             Succumbed to a worker ant's poison
             ... on level 2 of the Dungeon.
             The game lasted 00:04:20 (1720 turns).

harcile the Shield-Bearer (Hill Orc Fighter)        Turns: 1720, Time: 00:04:20

Health: 0/46       AC:  7    Str: 20    XL:     5   Next: 16%
Magic:  5/5        EV:  8    Int:  8    God:
Gold:   64         SH:  9    Dex: 10    Spells: 4/4 levels left

rFire    . . .     SeeInvis .   a - +0 long sword
rCold    . . .     Gourm    .   c - +0 shield
rNeg     . . .     Faith    .   b - +0 scale mail
rPois    .         Spirit   .   (no helmet)
rElec    .         Reflect  .   h - scarf {repulsion}
rCorr    .         Harm     .   (no gloves)
MR       .....                  (no boots)
Stlth    ..........             (no amulet)
HPRegen  0.15/turn              (no ring)
MPRegen  0.09/turn              (no ring)

@: lethally poisoned (0 -> -9), repel missiles
A: no striking features
a: no special abilities


You were on level 2 of the Dungeon.
You were not hungry.

You visited 1 branch of the dungeon, and saw 2 of its levels.

You collected 64 gold pieces.

Inventory:

Hand Weapons
 a - a +0 long sword (weapon)
Armour
 b - a +0 scale mail (worn)
 c - a +0 shield (worn)
 h - a scarf of repulsion (worn)
Scrolls
 e - 2 scrolls of remove curse {unknown}
 g - a scroll of noise {unknown}
 k - 3 scrolls of identify {unknown}
 l - a scroll of teleportation {unknown}
 n - a scroll of amnesia {unknown}
 o - a scroll of enchant weapon {unknown}
Potions
 d - a potion of might
 i - a potion of mutation {unknown}
 j - a potion of lignification {unknown}
Comestibles
 f - 4 rations
 m - 2 chunks of flesh


   Skills:
 + Level 3.9 Fighting
 + Level 3.5 Long Blades
 + Level 4.0 Armour
 + Level 0.9 Dodging
 + Level 4.5 Shields


You had 4 spell levels left.
You didn't know any spells.
Your spell library was empty.

Dungeon Overview and Level Annotations

Branches:
Dungeon (2/15)

Altars:
Ashenzari


Message History

The worker ant bites you.
* * * LOW HITPOINT WARNING * * *
You hit the worker ant.
The worker ant is severely wounded.
The worker ant barely misses you.
You hit the worker ant but do no damage.
The worker ant is severely wounded.
You block the worker ant's attack.
The worker ant bites you but does no damage.
You hit the worker ant but do no damage.
The worker ant is severely wounded.
The worker ant bites you.
* * * LOW HITPOINT WARNING * * *
You are more poisoned.
The worker ant poisons you!
You slash the worker ant!
You kill the worker ant!
You have reached level 5!
You feel stronger.
You die...

#############........
#...........'........
##.##########........
#.# #........ #.#
######.## #.# ####
#.## #.# ...# #.#.
#.###...## #.#.
#..@.w..<# #.#.
#####...## #.#. ...#
####.## ...# #......
w..# #.....# .$.#
#.....# #### #.....#
#######


You could see a dart slug.

Vanquished Creatures
  A worker ant (D:2)
  Robin (D:2)
  4 adders (D:2)
  3 oozes (D:1)
  A dart slug (D:1)
  A leopard gecko (D:2)
  A giant cockroach (D:1)
  13 goblins
  4 hobgoblins (D:2)
  6 bats
  2 frilled lizards (D:2)
  4 kobolds (D:1)
  7 rats
48 creatures vanquished.

Vanquished Creatures (others)
  2 fungi (D:2)
2 creatures vanquished.

Grand Total: 50 creatures vanquished

Notes
Turn   | Place    | Note
-------+----------+-------------------------------------------
     0 | D:1      | harcile the Hill Orc Fighter began the quest for the Orb.
     0 | D:1      | Reached XP level 1. HP: 19/19 MP: 1/1
    49 | D:1      | Reached XP level 2. HP: 15/27 MP: 2/2
   316 | D:1      | Reached XP level 3. HP: 33/33 MP: 3/3
   899 | D:2      | Noticed Robin
   935 | D:2      | Reached XP level 4. HP: 28/40 MP: 4/4
   946 | D:2      | Killed Robin
  1501 | D:2      | Found a shattered altar of Ashenzari.
  1507 | D:2      | Saw a vision of the Swamp and the Snake Pit.
  1507 | D:2      | Noticed a black mamba
  1507 | D:2      | Noticed an alligator
  1507 | D:2      | Noticed a mana viper
  1507 | D:2      | Noticed a naga mage
  1507 | D:2      | Noticed an alligator
  1507 | D:2      | Noticed an alligator
  1507 | D:2      | Noticed a black mamba
  1507 | D:2      | Noticed a naga mage
  1507 | D:2      | Noticed a black mamba
  1507 | D:2      | Noticed a black mamba
  1509 | D:2      | Noticed an anaconda
  1512 | D:2      | Noticed an alligator
  1716 | D:2      | HP: 2/40 [worker ant (2)]
  1720 | D:2      | Reached XP level 5. HP: 2/46 MP: 5/5
  1720 | D:2      | Succumbed to a worker ant's poison

Skill      XL: |  1  2  3  4 |
---------------+-------------+-----
Shields        | 4 |  4.5
Long Blades    | 3 |  3.5
Armour         | 4 |  4.0
Fighting       | |  3.9
Dodging        | |  0.9

Action                   |  1- 3 |  4- 6 || total
-------------------------+-------+-------++-------
Melee: Long sword        |   122 |    74 ||   196
  Eat: Chunk             |       |     3 ||     3
Armor: Scale mail        |    86 |    40 ||   126
Dodge: Dodged            |    66 |    29 ||    95
Block: Shield            |    85 |    41 ||   126
       Rpst.: Long sword |    25 |    10 ||    35
